 Dungeon Crawl Stone Soup version 0.25.1-8-g42b30a86e7 (webtiles) character file.

Game seed: 7523759723293555960

8943 Gabide the Brawler (level 11, 0/91 HPs)
             Began as a Ghoul Gladiator on Dec 25, 2020.
             Was a Believer of Ru.
             Shot with an arrow by a centaur (5 damage)
             ... on level 10 of the Dungeon on Dec 26, 2020.
             The game lasted 00:22:07 (11773 turns).

Gabide the Brawler (Ghoul Gladiator)               Turns: 11773, Time: 00:22:07

Health: 0/91       AC: 13    Str: 22    XL:     11   Next: 38%
Magic:  10/10      EV: 13    Int:  3    God:    Ru [**....]
Gold:   407        SH:  0    Dex: 10    Spells: 10/10 levels left

rFire    . . .     SeeInvis .     - Unarmed
rCold    + . .     Gourm    .   (shield unavailable)
rNeg     + + +     Faith    .   j - +3 ring mail {MR+}
rPois    ∞         Spirit   .   b - +0 helmet
rElec    .         Reflect  .   t - +0 cloak
rCorr    .         Harm     .   (no gloves)
MR       +....                  x - +0 pair of boots
Stlth    ..........             I - amulet of magic regeneration
HPRegen  0.00/turn              (ring unavailable)
MPRegen  0.37/turn              w - +4 ring of slaying

@: rotting
A: rotting body, claws 1, carnivore, cold resistance 1, negative energy
resistance 3, inhibited regeneration, torment resistance, unbreathing, missing a
hand
a: Renounce Religion


You were on level 10 of the Dungeon.
You worshipped Ru.
Ru was pleased with you.
You were not hungry.

You visited 1 branch of the dungeon, and saw 10 of its levels.

You collected 407 gold pieces.

Inventory:

Missiles
 u - 16 poisoned darts (quivered)
 v - 2 curare-tipped darts
 H - 7 silver javelins
 N - 4 atropa-tipped darts
Armour
 b - a +0 helmet (worn)
 h - a +3 leather armour
 j - a +3 ring mail of magic resistance (worn)
 t - a +0 cloak (worn)
 x - a +0 pair of boots (worn)
Jewellery
 e - an uncursed ring of flight
 k - an uncursed ring of protection from magic
 q - an uncursed ring of magical power
 w - a +4 ring of slaying (right claw)
 E - an uncursed ring of see invisible
 I - an amulet of magic regeneration (around neck)
Wands
 a - a wand of disintegration (8)
 s - a wand of paralysis (16)
 A - a wand of acid (9)
 D - a wand of random effects (6)
 F - a wand of iceblast (5)
 M - a wand of clouds (4)
Scrolls
 f - 6 scrolls of teleportation
 i - 2 scrolls of amnesia
 y - a scroll of enchant weapon
 z - 2 scrolls of remove curse
 L - a scroll of identify
 O - a scroll of enchant armour
Potions
 c - 2 potions of curing
 g - 2 potions of mutation {unknown}
 l - 4 potions of heal wounds {unknown}
 m - 6 potions of brilliance {unknown}
 n - 2 potions of stabbing {unknown}
 o - a potion of flight {unknown}
 p - a potion of might {unknown}
 r - 2 potions of haste {unknown}
 B - a potion of degeneration {unknown}
 C - a potion of berserk rage {unknown}
 G - a potion of magic {unknown}
 K - a potion of resistance {unknown}
Comestibles
 d - 24 rations


   Skills:
 * Level 6.9 Fighting
 - Level 1.7 Throwing
 - Level 5.6 Armour
 * Level 5.4 Dodging
 + Level 15.0 Unarmed Combat


You had 10 spell levels left.
You didn't know any spells.
Your spell library contained the following spells:

 Spells                   Type           Power        Failure   Level  Hunger
 Corona                   Hex            #......      67%         1    ##.....
 Ensorcelled Hibernation  Hex/Ice        #.....       80%         2    ###....
 Sticks to Snakes         Tmut           #.......     80%         2    ###....
 Confusing Touch          Hex            #.......     95%         3    ####...
 Dazzling Flash           Conj/Hex       #.....       95%         3    ####...
 Tukima's Dance           Hex            #.......     95%         3    ####...
 Beastly Appendage        Tmut           Unusable     N/A         1    N/A
 Spider Form              Tmut/Pois      Unusable     N/A         3    N/A
 Ice Form                 Ice/Tmut       Unusable     N/A         4    N/A
 Blade Hands              Tmut           Unusable     N/A         5    N/A

Dungeon Overview and Level Annotations

Branches:
Dungeon (10/15)            Temple (0/1) D:7            Lair (0/6) D:8
    Orc (0/2) D:10

Altars:
Cheibriados
Fedhas
Gozag
Makhleb
Okawaru
Ru
Sif Muna
Trog
Uskayaw
Wu Jian

Shops:
D:4 [   D:7 :

Annotations:
D:10 2 transporters, grovkorv's ghost, journeyman KoAK


Innate Abilities, Weirdness & Mutations

Your body is rotting away.
You thrive on raw meat.
You are immune to poison.
You have sharp fingernails.
You are carnivorous and can eat meat at any time.
Your flesh is cold resistant. (rC+)
You are immune to negative energy. (rN+++)
You do not regenerate when monsters are visible.
You are immune to unholy pain and torment.
You can survive without breathing.
You are missing a hand.


Message History

You closely miss the adder. The bullfrog closely misses you.
The adder barely misses you. The bullfrog hits you.
* * * LOW HITPOINT WARNING * * *
You mangle the adder!!
You kill the adder!
The bullfrog barely misses you.
You mangle the bullfrog!!
You kill the bullfrog!
You completely miss the troll. The troll bites you.
* * * LOW HITPOINT WARNING * * *
The troll claws you but does no damage. The troll claws you!
* * * LOW HITPOINT WARNING * * *
The centaur wields a +0 shortbow of freezing.
It is covered in frost.
The centaur shoots an arrow.
The arrow hits you.
* * * LOW HITPOINT WARNING * * *
You see here an arrow.
The centaur shoots an arrow.
The arrow hits you but does no damage.
You see here an arrow.
The centaur shoots an arrow.
The arrow hits you.
You die...

#### #.#######.## #.
#.........# #.
#....)..)÷# ##
###..).)....# #
#...........# # #
#.##........# .#.
.#.##.##........#
#..###
###..##..###########
#..#. .#..##T@##
#.c5###...##..##
#TZ#..###..##
#F).##Zc(##
#'†'#†5### #.(..)##
#######


You could see a troll, a centaur, a crimson imp and a hound zombie.

Vanquished Creatures
  Joseph (D:7)
  A hippogriff (D:7)
  A spriggan (D:7)
  Grum (D:9)
  Sigmund (D:4)
  2 wyverns
  13 yaks
  Edmund (D:3)
  2 porcupines (D:8)
  4 ice beasts
  6 orc warriors
  4 sky beasts
  A hornet zombie (D:9)
  6 ogres
  2 phantoms
  4 wolves
  4 centaurs
  2 crocodiles
  A big kobold (D:8)
  10 bullfrogs
  A wyvern zombie (D:7)
  A scorpion (D:8)
  4 killer bees
  2 howler monkeys
  A crimson imp (D:7)
  A bullfrog zombie (D:7)
  3 jellies
  10 hounds
  9 orc wizards
  2 quasits (D:10)
  2 orc priests
  Crazy Yiuf (D:5)
  3 bullfrog skeletons (D:5)
  An iguana (D:8)
  11 worker ants
  A hound zombie (D:6)
  A hound skeleton (D:10)
  9 gnolls
  11 adders
  2 shadow imps
  2 oozes
  An adder zombie (D:7)
  2 adder skeletons (D:5)
  5 worms
  3 dart slugs
  9 leopard geckos
  33 orcs
  4 ball pythons
  9 giant cockroaches
  8 goblins
  5 hobgoblins
  6 jackals
  11 kobolds
  6 quokkas
  9 bats
  5 frilled lizards
  2 quokka skeletons
  7 rats
270 creatures vanquished.

Vanquished Creatures (others)
  3 plants (D:8)
3 creatures vanquished.

Grand Total: 273 creatures vanquished

Notes
Turn   | Place    | Note
-------+----------+-------------------------------------------
     0 | D:1      | Gabide the Ghoul Gladiator began the quest for the Orb.
     0 | D:1      | Reached XP level 1. HP: 17/17 MP: 0/0
   266 | D:1      | Reached XP level 2. HP: 16/24 MP: 1/1
   400 | D:1      | Reached skill level 4 in Unarmed Combat
   700 | D:1      | Reached XP level 3. HP: 27/30 MP: 2/2
  1480 | D:2      | Reached skill level 1 in Armour
  1567 | D:2      | Reached XP level 4. HP: 32/37 MP: 3/3
  2038 | D:2      | Reached skill level 5 in Unarmed Combat
  2413 | D:3      | Reached XP level 5. HP: 42/42 MP: 4/4
  3243 | D:4      | Noticed a phantom
  3276 | D:4      | Killed a phantom
  3276 | D:4      | Reached skill level 6 in Unarmed Combat
  3276 | D:4      | Reached XP level 6. HP: 32/50 MP: 5/5
  3439 | D:4      | Noticed Sigmund
  3474 | D:4      | Killed Sigmund
  3474 | D:4      | Reached skill level 7 in Unarmed Combat
  3474 | D:4      | Reached XP level 7. HP: 11/56 MP: 6/6
  3796 | D:4      | Noticed Edmund
  3832 | D:3      | Killed Edmund
  4054 | D:4      | Found Setsoggu's Antique Armour Shoppe.
  4058 | D:4      | Reached skill level 8 in Unarmed Combat
  4275 | D:5      | Entered Level 5 of the Dungeon
  4313 | D:5      | Found an ornate altar of the Wu Jian Council.
  4318 | D:5      | Found a blossoming altar of Fedhas.
  4511 | D:5      | Reached XP level 8. HP: 63/63 MP: 7/7
  4597 | D:5      | Found a runed translucent door.
  4598 | D:5      | Noticed Crazy Yiuf
  4604 | D:5      | Killed Crazy Yiuf
  5115 | D:6      | Found an opulent altar of Gozag.
  5121 | D:6      | Reached skill level 9 in Unarmed Combat
  5527 | D:6      | Found a bloodstained altar of Trog.
  5833 | D:6      | Reached skill level 10 in Unarmed Combat
  5840 | D:6      | Reached XP level 9. HP: 54/71 MP: 8/8
  6623 | D:7      | Reached skill level 11 in Unarmed Combat
  6722 | D:7      | Found a hide-covered altar of Uskayaw.
  6820 | D:7      | Found Ynkemek's Book Shop.
  6930 | D:7      | Noticed Joseph
  6932 | D:7      | Found a staircase to the Ecumenical Temple.
  6941 | D:7      | Killed Joseph
  6941 | D:7      | Reached skill level 5 in Fighting
  6950 | D:7      | Reached skill level 12 in Unarmed Combat
  7179 | D:7      | Reached skill level 5 in Armour
  7179 | D:7      | Reached XP level 10. HP: 51/81 MP: 9/9
  7797 | D:7      | Found a snail-covered altar of Cheibriados.
  8460 | D:8      | Reached skill level 13 in Unarmed Combat
  8695 | D:8      | Found a staircase to the Lair.
  9220 | D:8      | Found an iron altar of Okawaru.
  9350 | D:9      | Noticed Grum
  9637 | D:9      | Killed Grum
  9637 | D:9      | Reached skill level 14 in Unarmed Combat
 10252 | D:9      | Reached XP level 11. HP: 22/87 MP: 10/10
 10561 | D:9      | Found a sacrificial altar of Ru.
 10564 | D:9      | Found a burning altar of Makhleb.
 10568 | D:9      | Found a shimmering blue altar of Sif Muna.
 10578 | D:9      | Became a worshipper of Ru the Awakened
 10876 | D:10     | Entered Level 10 of the Dungeon
 10897 | D:10     | Reached skill level 5 in Dodging
 11225 | D:10     | Found a staircase to the Orcish Mines.
 11393 | D:10     | Found a transporter.
 11598 | D:10     | Found a transporter.
 11598 | D:10     | Noticed grovkorv's ghost (journeyman KoAK)
 11624 | D:10     | Gained mutation: You are missing a hand. [Ru sacrifice]
 11624 | D:10     | Reached * piety under Ru
 11624 | D:10     | Reached ** piety under Ru
 11738 | D:10     | Reached skill level 15 in Unarmed Combat
 11773 | D:10     | Shot with an arrow by a centaur

Illustrated notes

Levels and vault maps discovered:
D:1:      lemuel_arrival_behind_the_door_large, layout_loops_corners,
          st_stairs_5, chequers_serial_rivers_micro_b
D:2:      layout_basic, serial_bayou_pond_b, corexii_corridor_pit,
          cheibrodos_gnoll_hut
D:3:      layout_loops_ring, first_ration
D:4:      layout_cave_pools, serial_shops, nicolae_shop_crystal, uniq_sigmund,
          uniq_edmund
D:5:      layout_gridville, grunt_temple_overflow_open, st_stairs_14,
          uniq_crazy_yiuf_cottage
D:6:      layout_layer_cave, lemuel_coloured_pillars_altar, lemuel_round_altar,
          grunt_ministairs_8
D:7:      layout_loops_ring, slow_altar_2, minmay_temple_entry_trees,
          basic_altar, serial_shops, kennysheep_mini, the_bakery, uniq_joseph
D:8:      layout_rooms, kennysheep_mini_moat, minmay_lair_entry_grove
D:9:      layout_long_grid, minmay_overflow_temple_star_quad, nooodl_food_tri,
          uniq_grum
D:10:     layout_rooms, david_orc_3, gammafunk_ghost_mausoleum,
          kennysheep_kite_vault

Skill      XL: |  1  2  3  4  5  6  7  8  9 10 11 |
---------------+----------------------------------+-----
Unarmed Combat | 4 5 6 7 8 10 12 14 15 | 15.0
Dodging        | 3 4 5 |  5.4
Armour         | 1 2 3 5 |  5.6
Fighting       | 3 4 5 6 |  6.9
Throwing       | |  1.7

Action                   |  1- 3 |  4- 6 |  7- 9 | 10-12 || total
-------------------------+-------+-------+-------+-------++-------
Melee: Unarmed           |    98 |   187 |   234 |   338 ||   857
       Punch             |     1 |     5 |    13 |    26 ||    45
Throw: Throwing net      |       |     3 |     6 |     1 ||    10
       Dart              |       |       |     2 |     7 ||     9
Invok: Sacrifice a Hand  |       |       |       |     1 ||     1
  Use: Scroll            |     4 |     4 |     6 |    11 ||    25
       Potion            |       |     3 |       |     1 ||     4
 Stab: Held in net/web   |       |       |     4 |       ||     4
  Eat: Chunk             |     1 |    10 |     8 |    12 ||    31
       Ration            |       |       |     1 |     1 ||     2
Armor: Leather armour    |    24 |     3 |       |       ||    27
       Ring mail         |       |    50 |    67 |   101 ||   218
Dodge: Dodged            |    71 |    88 |   120 |   220 ||   499
